 Dungeon Crawl Stone Soup version 0.29.0-4-gdea44cf6ec (webtiles) character file.

Game seed: 6892438172944091543

4 qw the Sneak (level 1, -2/10 HPs)
             Began as a Felid Delver on Aug 27, 2022.
             Slain by an orc
             ... wielding a +0 club
              (3 damage)
             ... on level 4 of the Dungeon.
             The game lasted 00:00:00 (38 turns).

qw the Sneak (Felid Delver)                           Turns: 38, Time: 00:00:01

Health: -2/10      AC:  1    Str:  8    XL:     1   Next: 50%
Magic:  2/2        EV: 17    Int: 11    God:
Gold:   0          SH:  0    Dex: 17    Spells: 0/0 levels left
                                        Lives:  0   Deaths: 0

rFire   . . .      SeeInvis +     - Unarmed
rCold   . . .      Faith    .   (shield unavailable)
rNeg    . . .      Spirit   .   (body armour unavailable)
rPois   .          Reflect  .   (helmet unavailable)
rElec   .          Harm     .   (cloak unavailable)
rCorr   .          Rampage  .   (gloves unavailable)
Will    .....                   (boots unavailable)
Stlth   +++.......              (no amulet)
HPRegen 0.03/turn               (no ring)
MPRegen 0.08/turn               (no ring)

@: quick
A: very small, claws 1, fangs 3, see invisible, speed 1, shaggy fur 1, stealthy
paws, no weapons or thrown items, no armour, multi-lived
a: no special abilities


You were on level 4 of the Dungeon.
You visited 1 branch of the dungeon, and saw 2 of its levels.


Innate Abilities, Weirdness & Mutations

You have sharp claws.
You have razor-sharp teeth.
You have supernaturally acute eyesight. (SInv)
You cover ground quickly. (Speed+)
You are covered in fur. (AC +1)
Your paws help you pounce on unaware monsters.
You are incapable of wielding weapons or throwing items.
You cannot wear armour.
You gain extra lives every three experience levels.


   Skills:
 - Level 3.0 Fighting
 - Level 2.6 Dodging
 - Level 6.6 Stealth
 + Level 2.4 Unarmed Combat


You couldn't memorise any spells.
You didn't know any spells.
Your spell library was empty.

Inventory:

Wands
 e - a wand of digging (3)
Potions
 d - a potion of haste

Dungeon Overview and Level Annotations

Branches:
Dungeon (5/15)
 Temple: D:4-7

Altars:


Message History

The orc is severely wounded.
24 ||| Stepping ~*~*~tactically~*~*~ (stealth).
You scratch the orc.
You kill the orc!
You barely miss the orc.
The orc is heavily wounded.
The orc hits you with a +0 club.
You closely miss the orc.
The orc shouts!
Your bite misses the orc.
The orc is heavily wounded.
The orc wizard mumbles some strange words.
The orc wizard flickers and vanishes for a moment.
The orc hits you with a +0 club.
You scratch the orc but do no damage.
The orc is moderately wounded.
The orc hits you with a +0 club.
30 ||| Stepping ~*~*~tactically~*~*~ (outnumbered).
An orc comes into view. It is wielding a +0 club.
You scratch the orc.
The orc is heavily wounded.
The orc misses you.
32 ||| Stepping ~*~*~tactically~*~*~ (outnumbered).
You scratch the orc.
The orc is severely wounded.
You scratch the orc but do no damage.
The orc is severely wounded.
The orc misses you.
You scratch the orc but do no damage.
The orc is severely wounded.
You barely miss the orc. Your bite misses the orc.
The orc is severely wounded.
The orc closely misses you. The orc hits you with a +0 club.
You scratch the orc.
You kill the orc!
The orc closely misses you.
You scratch the orc but do no damage.
The orc is moderately wounded.
The orc wizard barely misses you. The orc hits you with a +0 club.
You die...

.......# #.
..#...###..
..#........
........
#...... #....#
## #...
##.o..##.#
...# #.o@# #..
...# ##o##
#.##o.##
#...###......#
##.oo#.....###
#!..#....o###
#....#...>##
##.##....##
#........#
#........#


You could see an orc wizard (invisible) and 2 orcs.

Vanquished Creatures
  2 orcs (D:4)
2 creatures vanquished.

Notes
Turn   | Place    | Note
-------+----------+-------------------------------------------
     0 | D:5      | qw the Felid Delver began the quest for the Orb.
     0 | D:5      | Reached XP level 1. HP: 10/10 MP: 2/2
     0 | D:5      | 0 ||| qw: Version: 0.1-a-89-g26bdef1
     0 | D:5      | 0 ||| qw: Game counter: 137
     0 | D:5      | 0 ||| qw: Always use a shield: true
     0 | D:5      | 0 ||| qw: God list: Okawaru, Trog
     0 | D:5      | 0 ||| qw: Allow faded altars: false
     0 | D:5      | 0 ||| qw: Do Orc after D:15 true
     0 | D:5      | 0 ||| qw: Do second Lair branch before Depths: true
     0 | D:5      | 0 ||| qw: Lair rune preference: random
     0 | D:5      | 0 ||| qw: Plans: Normal
     0 | D:5      | 0 ||| PLANNING D:1-11
     0 | D:5      | 0 ||| DROPPING scroll of fog.
     1 | D:5      | 1 ||| DROPPING scroll of magic mapping.
     2 | D:5      | 2 ||| DROPPING scroll of fear.
    10 | D:4      | 10 ||| PLANNING OSSUARY
    12 | D:4      | Noticed an orc wizard
    13 | D:4      | 13 ||| Stepping ~*~*~tactically~*~*~ (stealth).
    15 | D:4      | 15 ||| Stepping ~*~*~tactically~*~*~ (stealth).
    16 | D:4      | 16 ||| Stepping ~*~*~tactically~*~*~ (stealth).
    18 | D:4      | 18 ||| Stepping ~*~*~tactically~*~*~ (outnumbered).
    19 | D:4      | 19 ||| Stepping ~*~*~tactically~*~*~ (outnumbered).
    20 | D:4      | 20 ||| Stepping ~*~*~tactically~*~*~ (stealth).
    24 | D:4      | 24 ||| Stepping ~*~*~tactically~*~*~ (stealth).
    30 | D:4      | 30 ||| Stepping ~*~*~tactically~*~*~ (outnumbered).
    32 | D:4      | 32 ||| Stepping ~*~*~tactically~*~*~ (outnumbered).
    36 | D:4      | HP: 1/10 [orc/+0 club (3)]
    38 | D:4      | Slain by an orc

Levels and vault maps discovered:
D:4:      minmay_opposing_rooms, layout_cave_pools, nicolae_gozag_seed_capital,
          nicolae_ossuary_entry_plus, serial_bayou_pond_d,
          hangedman_decor_points, uniq_grinder, uniq_natasha
D:5:      layout_basic, temple_doors_e, uniq_blork_the_orc, uniq_sigmund

Action                   || total
-------------------------++-------
Melee: Unarmed           ||    14
Dodge: Dodged            ||     6

Table legend:
 A = Non-vault XP
 B = Vault XP
 C = Vault XP percentage of total XP
 D = Non-vault monster count
 E = Vault monster count
 F = Vault count percentage of total count
                 A         B        C        D         E       F
            +---------+---------+-------+---------+---------+-------
      Total |       6 |       0 |   0.0 |       2 |       0 |   0.0
            +---------+---------+-------+---------+---------+-------
        D:4 |       6 |       0 |   0.0 |       2 |       0 |   0.0
            +---------+---------+-------+---------+---------+-------
